 Dungeon Sprint DCSS version 0.24.0-125-gc4c63601f3 (webtiles) character file.

Game seed: 16852304159308961354, levelgen mode: deterministic

5200000 Ponchio the Axe Maniac (level 27, -25/273 HPs)
             Began as a Hill Orc Necromancer on Mar 4, 2020.
             Killed from afar by a large bag of meat (36 damage)
             ... with an exploding inner flame
             ... in the Dungeon (Sprint VIII: "Arena of Blood").
             The game lasted 00:06:02 (52 turns).

Ponchio the Axe Maniac (Hill Orc Necromancer)         Turns: 52, Time: 00:06:02

Health: -25/273    AC:  4    Str: 15    XL:     27
Magic:  22/54      EV: 35    Int: 15    God:
Gold:   0          SH:  0    Dex: 20    Spells: 78/80 levels left

rFire    . . .     SeeInvis .   b - +∞ Axe of Woe
rCold    . . .     Gourm    .   (shield currently unavailable)
rNeg     . . .     Faith    .   a - +0 robe
rPois    .         Spirit   .   (no helmet)
rElec    .         Reflect  .   (no cloak)
rCorr    .         Harm     .   (no gloves)
MR       ++...     NoTele   +   (no boots)
Stlth    +++++++++.             (no amulet)
HPRegen  0.55/turn              (no ring)
MPRegen  0.34/turn              (no ring)

@: very slightly contaminated
A: no striking features
a: no special abilities


You were in the Dungeon.
You were not hungry.

You visited 1 branch

Inventory:

Hand Weapons
 b - the +∞ Axe of Woe (weapon)
   (You found it in the Dungeon)
Armour
 a - a +0 robe (worn)
Potions
 d - a potion of curing
 e - a potion of heal wounds
 g - 2 potions of magic
 h - a potion of berserk rage
Comestibles
 c - a ration


   Skills:
 O Level 27 Fighting
 O Level 27 Axes
 O Level 27 Throwing
 O Level 27 Armour
 O Level 27 Dodging
 O Level 27 Stealth
 O Level 27 Unarmed Combat
 O Level 27 Spellcasting
 O Level 27 Necromancy


You had 78 spell levels left.
You knew the following spells:

 Your Spells              Type           Power        Failure   Level  Hunger
a - Pain                  Necr           ####         0%          1    None
b - Animate Skeleton      Necr           N/A          0%          1    None

Your spell library contained the following spells:

 Spells                   Type           Power        Failure   Level  Hunger
 Vampiric Draining        Necr           #######...   0%          3    None
 Animate Dead             Necr           N/A          0%          4    None
 Regeneration             Chrm/Necr      ######....   1%          3    None


Dungeon Overview and Level Annotations

Branches:
Dungeon (1/1)

Altars:
Makhleb


Message History

The fiery explosion engulfs the bag of meat!!
The fiery explosion engulfs you!
* * * LOW HITPOINT WARNING * * *
The fiery explosion engulfs the large bag of meat!!!
The fiery explosion engulfs the destroyer!!
You slash the destroyer!
You hew the destroyer savagely.
You destroy the destroyer!
You slice the large bag of meat!!
You dissect the large bag of meat like a pig carcass.
The large bag of meat explodes!
The fiery explosion engulfs you!!
* * * LOW HITPOINT WARNING * * *
The fiery explosion engulfs the bag of meat!!
You dice the large bag of meat like an onion!!!
You hew the large bag of meat savagely.
The large bag of meat explodes!
The fiery explosion engulfs the bag of meat!
The fiery explosion engulfs the bag of meat!!!
The fiery explosion engulfs you!!!
You die...

.####.....##.##...
#O................
O.#....%..%..#o#...
.O#.%.%O......oo...
...#...Vx...OxO.%..
.%..#...§§o§oz.....
......§xo§§)§§.....
....§..z§§@§oO...L.
§...o§°X#§§§§zx.#..
..#..§§§#...x...#
.....§###.......###.
...........###......
...#. ....._..o...
.# .. ...#.....#O..
.. ..L.#_.<._#...
#.. #.....#


You could see 2 tyrants, a destroyer, 3 sculptors of flesh, 2 large bags of
meat, a large abomination, 3 meat berserkers, 9 bags of meat and 5 crawling
corpses.

Vanquished Creatures
  6 vampire knights (D)
  14 ogres (D)
  4 two-headed ogres (D)
  32 orcs (D)
  A skeletal warrior (D)
  3 small abominations (D)
  2 crawling corpses (D)
62 creatures vanquished.

Notes
Turn   | Place    | Note
-------+----------+-------------------------------------------
     0 | D        | Found the +∞ Axe of Woe
     0 | D        | Ponchio the Hill Orc Necromancer began the quest for the
                  | Orb.
     0 | D        | Reached XP level 1. HP: 14/14 MP: 3/3
     1 | D        | Noticed a meat berserker
     2 | D        | Noticed a bag of meat
     2 | D        | Noticed a bag of meat
     3 | D        | Noticed a bag of meat
     3 | D        | Noticed a bag of meat
     3 | D        | Noticed a bag of meat
     3 | D        | Noticed a bag of meat
     3 | D        | Noticed a bag of meat
     4 | D        | Killed a bag of meat
     4 | D        | Reached XP level 2. HP: 55/55 MP: 4/4
     4 | D        | Reached XP level 3. HP: 62/62 MP: 5/5
     4 | D        | Reached XP level 4. HP: 70/70 MP: 6/6
     4 | D        | Reached XP level 5. HP: 77/77 MP: 7/7
     4 | D        | Reached XP level 6. HP: 85/85 MP: 8/8
     4 | D        | Reached XP level 7. HP: 92/92 MP: 9/9
     4 | D        | Reached XP level 8. HP: 100/100 MP: 10/10
     4 | D        | Reached XP level 9. HP: 107/107 MP: 11/11
     4 | D        | Reached XP level 10. HP: 115/115 MP: 12/12
     4 | D        | Reached XP level 11. HP: 122/122 MP: 13/13
     4 | D        | Reached XP level 12. HP: 130/130 MP: 14/14
     4 | D        | Killed a bag of meat
     4 | D        | Reached XP level 13. HP: 144/144 MP: 15/15
     4 | D        | Noticed a meat berserker
     5 | D        | Noticed a bag of meat
     6 | D        | Noticed a meat berserker
     7 | D        | Killed a bag of meat
     7 | D        | Reached XP level 14. HP: 138/157 MP: 16/16
     8 | D        | Killed a bag of meat
    10 | D        | Noticed a meat berserker
    10 | D        | Noticed a meat berserker
    10 | D        | Noticed a bag of meat
    11 | D        | Noticed a bag of meat
    12 | D        | Learned a level 1 spell: Animate Skeleton
    12 | D        | Noticed a meat berserker
    12 | D        | Noticed a bag of meat
    12 | D        | Noticed a bag of meat
    13 | D        | Noticed a bag of meat
    14 | D        | Killed a meat berserker
    14 | D        | Reached skill level 27 in Fighting
    14 | D        | Reached skill level 27 in Axes
    14 | D        | Reached XP level 15. HP: 154/174 MP: 15/17
    14 | D        | Killed a meat berserker
    14 | D        | Reached XP level 16. HP: 162/183 MP: 15/18
    15 | D        | Killed a meat berserker
    15 | D        | Reached skill level 27 in Dodging
    15 | D        | Reached XP level 17. HP: 169/191 MP: 15/29
    16 | D        | Noticed a meat berserker
    17 | D        | Killed a meat berserker
    17 | D        | Reached skill level 15 in Necromancy
    17 | D        | Reached skill level 15 in Stealth
    17 | D        | Reached XP level 18. HP: 178/200 MP: 15/35
    18 | D        | Killed a meat berserker
    20 | D        | Killed a meat berserker
    20 | D        | Reached XP level 19. HP: 185/207 MP: 16/41
    23 | D        | Noticed a meat berserker
    23 | D        | Noticed a destroyer
    24 | D        | Noticed a large bag of meat
    25 | D        | Noticed a meat berserker
    26 | D        | Killed a meat berserker
    26 | D        | Reached skill level 27 in Necromancy
    26 | D        | Reached XP level 20. HP: 194/216 MP: 17/46
    26 | D        | Reached skill level 27 in Stealth
    27 | D        | Reached XP level 21. HP: 202/224 MP: 17/51
    27 | D        | Noticed a large bag of meat
    29 | D        | Reached skill level 27 in Spellcasting
    29 | D        | Reached skill level 10 in Throwing
    30 | D        | Noticed a meat berserker
    30 | D        | Noticed a meat berserker
    30 | D        | Noticed a large bag of meat
    31 | D        | Reached XP level 22. HP: 211/233 MP: 17/53
    33 | D        | Killed a large bag of meat
    34 | D        | Reached XP level 23. HP: 171/240 MP: 18/54
    35 | D        | Reached skill level 27 in Armour
    35 | D        | Reached skill level 27 in Unarmed Combat
    35 | D        | Noticed a destroyer
    36 | D        | Noticed a large bag of meat
    37 | D        | Noticed a destroyer
    37 | D        | Noticed a destroyer
    38 | D        | Noticed a destroyer
    38 | D        | Noticed a large bag of meat
    39 | D        | Noticed a large bag of meat
    41 | D        | Killed a destroyer
    41 | D        | Reached skill level 27 in Throwing
    41 | D        | Reached XP level 24. HP: 103/249 MP: 19/54
    43 | D        | Killed a destroyer
    43 | D        | Noticed a large bag of meat
    44 | D        | Killed a destroyer
    44 | D        | Reached XP level 25. HP: 107/257 MP: 20/54
    45 | D        | Noticed a destroyer
    46 | D        | Reached XP level 26. HP: 112/266 MP: 20/54
    47 | D        | Killed a large bag of meat
    49 | D        | Noticed a destroyer
    49 | D        | Reached XP level 27. HP: 52/273 MP: 21/54
    49 | D        | Killed a destroyer
    50 | D        | Killed a destroyer
    51 | D        | Noticed a tyrant
    51 | D        | Noticed a tyrant
    52 | D        | Killed a large bag of meat
    52 | D        | Killed a destroyer
    52 | D        | Killed a large bag of meat
    52 | D        | HP: 11/273 [large bag of meat/exploding inner flame (26)]
    52 | D        | Killed a large bag of meat
    52 | D        | Killed from afar by a large bag of meat

Levels and vault maps discovered:
D:        meatsprint

Skill      XL: |  1  2  3  4  5  6  7  8  9 10 11 12 13 14 15 16 17 18 19 20 21 22 23 |
---------------+----------------------------------------------------------------------+-----
Fighting       | 19 21 23 27 | 27.0
Axes           | 20 23 25 27 | 27.0
Dodging        | 14 16 17 22 26 27 | 27.0
Stealth        | 9 15 20 26 27 | 27.0
Spellcasting   | 8 13 18 22 26 27 | 27.0
Necromancy     | 11 17 22 27 | 27.0
Throwing       | 17 23 27 | 27.0
Armour         | 20 26 27 | 27.0
Unarmed Combat | 20 26 27 | 27.0

Action                   |  1- 3 |  4- 6 |  7- 9 | 10-12 | 13-15 | 16-18 | 19-21 | 22-24 | 25-27 || total
-------------------------+-------+-------+-------+-------+-------+-------+-------+-------+-------++-------
Melee: Executioner's axe |     1 |       |       |       |     3 |     4 |     7 |     8 |     7 ||    30
 Cast: Pain              |       |       |       |       |     1 |       |       |       |       ||     1
  Use: Scroll            |     1 |       |       |       |       |       |       |       |       ||     1
       Potion            |     1 |       |       |       |       |       |       |       |       ||     1
Dodge: Dodged            |       |       |       |       |       |       |       |     2 |       ||     2
